[Event "*** Titled Tuesday Blitz"]
[Site "Chess.com"]
[Date "2021.02.02"]
[Round "5"]
[White "nikitadovbnya2008"]
[Black "queen_iryna"]
[Result "0-1"]
[WhiteElo "2133"]
[BlackElo "2327"]
[TimeControl "180+1"]
[EndTime "10:59:28 PST"]
[Termination "queen_iryna won by resignation"]

1. Nf3 d6 2. d4 g6 3. c4 Bg7 4. Nc3 Nc6 5. g3 e5 6. dxe5 Nxe5 7. Nxe5 Bxe5 8. Bg2 Bg7 9. O-O Nf6 10. Bg5 h6 11. Bxf6 Bxf6 12. Qd3 O-O 13. h4 Bf5 14. e4 Be6 15. Rad1 Qe7 16. h5 Bg7 17. hxg6 fxg6 18. f4 Qf7 19. b3 Kh8 20. Nb5 Rad8 21. Nd4 Bg4 22. Rd2 Qf6 23. f5 Qxd4+ 24. Qxd4 Bxd4+ 25. Rxd4 g5 26. Kf2 Rde8 27. Rd5 Bh5 28. Ra5 a6 29.
Ke3 Bf7 30. Kd4 Kg7 31. f6+ Kg6 32. e5 dxe5+ 33. Rxe5 Rd8+ 34. Kc3 Rfe8 35. Be4+ Kh5 36. Rh1+ Kg4 37. Bf5+ Kxg3 38. Rxe8 Rxe8 39. Rxh6 Kf4 40. Bd3 g4 41. Rh7 Rf8 42. Rg7 g3 43. Bf1 Bh5 44. Rxc7 Bf3 45. Rxb7 Bxb7 0-1

[Event "*** Titled Tuesday Blitz"]
[Site "Chess.com"]
[Date "2021.02.02"]
[Round "5"]
[White "Chernobay_Artem"]
[Black "GMKrikor"]
[Result "1-0"]
[WhiteElo "2597"]
[BlackElo "2799"]
[TimeControl "180+1"]
[EndTime "10:59:29 PST"]
[Termination "Chernobay_Artem won by resignation"]

1. d4 Nf6 2. c4 g6 3. Nc3 d5 4.
cxd5 Nxd5 5. e4 Nxc3 6. bxc3 Bg7 7. Bc4 c5 8. Ne2 Nc6 9. Be3 O-O 10. O-O Bg4 11. f3 Bd7 12. h4 Qc7 13. Rc1 Rad8 14. Qe1 Na5 15. Bd3 e5 16. h5 b5 17. Qh4 Qd6 18. h6 Bf6 19. Bg5 Bxg5 20. Qxg5 f6 21. Qe3 a6 22. d5 c4 23. Bc2 Nb7 24. f4 Qc5 25. Kf2 Bg4 26. g3 Rfe8 27. fxe5 fxe5 28. Qxc5 Nxc5 29. Ng1 Rf8+ 30. Ke3 a5 31. Rb1 Rxf1 32. Rxf1 Rd6 33. Bd1 Bc8 34. Be2 Rd8 35. Nf3 Re8 36.
Ng5 Re7 37. Rf6 Rc7 38. d6 Rd7 39. Bg4 Rd8 40. Bxc8 Rxc8 41. Rf7 Ne6 42. d7 Rd8 43. Nxe6 Kxf7 44. Nxd8+ Ke7 45. Nc6+ Kxd7 46. Nxe5+ Ke6 47.
Nf3 Kf6 48. Kd4 b4 49. cxb4 c3 50. Kxc3 1-0

[Event "*** Titled Tuesday Blitz"]
[Site "Chess.com"]
[Date "2021.02.02"]
[Round "5"]
[White "BAS8892"]
[Black "Noam_Vitenberg"]
[Result "1-0"]
[WhiteElo "2736"]
[BlackElo "2504"]
[TimeControl "180+1"]
[EndTime "10:59:29 PST"]
[Termination "BAS8892 won by checkmate"]

1. d4 e6 2. e4 d5 3. Nc3 h6 4. a3 Nc6 5. Nf3 Nf6 6. e5 Ne4 7.
Bd2 Be7 8. Bd3 Nxd2 9. Qxd2 Bg5 10. Qe2 Bd7 11. h4 Be7 12. g4 Na5 13. O-O-O Rc8 14.
Kb1 c5 15. dxc5 Bxc5 16. Nb5 Qb6 17. g5 a6 18. Nd6+ Bxd6 19. exd6 Qxd6 20. g6 f6 21. c4 O-O 22. cxd5 exd5 23. Nd4 Rfe8 24. Qf3 Nc6 25. Nf5 Bxf5 26. Bxf5 Rcd8 27. Bc2 Ne5 28. Qg3 Nc4 29. Qc3 Qe5 30. Rd4 Rc8 31. Rhd1 Red8 32.
Qf3 Rc5 33. Be4 Nb6 34. Bc2 Rb5 35. a4 Rc5 36. Bb3 Kh8 37. Rb4 Qd6 38. Qe3 Rc1+ 39.
Rxc1 Qxb4 40. Rc7 Nxa4 41. Bxa4 Qxa4 42. Qe7 Qd1+ 43. Rc1 Qd3+ 44. Ka1 Rg8 45. h5 Qf5 46. Qf7 Qxh5 47. Re1 Qf3 48. Ka2 Qxf2 49. Re8 Rxe8 50. Qxe8# 1-0

[Event "*** Titled Tuesday Blitz"]
[Site "Chess.com"]
[Date "2021.02.02"]
[Round "5"]
[White "ARTHURMOTIVATOR"]
[Black "kleopl"]
[Result "0-1"]
[WhiteElo "2311"]
[BlackElo "2503"]
[TimeControl "180+1"]
[EndTime "10:59:29 PST"]
[Termination "kleopl won by resignation"]

1. e4 c6 2. d4 d5 3. exd5 cxd5 4. Bd3 Nc6 5. c3 Nf6 6. h3 g6 7. Nf3 Bf5 8. O-O Qd7 9. Bf4 Bg7 10. Re1 O-O 11. Bf1 Bxb1 12. Rxb1 Rfe8 13. Bd3 Qc8 14.
Qd2 Nd7 15. Bh6 Bh8 16. Qf4 Qb8 17. Qg4 Qd6 18. h4 Nf6 19. Qh3 Nh5 20. Qg4 a6 21.
Re2 b5 22. a3 Rab8 23. Rbe1 a5 24. Ne5 Nxe5 25. dxe5 Qe6 26. Qxe6 fxe6 27. g4 Ng7 28. Bg5 Rb7 29. Kg2 Rf8 30. f3 Ne8 31. h5 gxh5 32. Rh1 Ng7 33. Bh6 Rf7 34. Kg3 b4 35. cxb4 axb4 36. a4 b3 37. a5 Rb4 38. Ra1 Rd4 39. a6 Rxd3 40. Rf2 Rf8 41. a7 Ra8 42. Ra6 Ne8 43.
gxh5 Bxe5+ 44. Kg4 Bd4 45. Rg2 Rxa7 46. Rxe6 Kf7 47. Ree2 Nf6+ 48. Kh4 Ra4 49. Rg7+ Ke8 50. Rexe7+ Kd8 51. Kh3 Rxf3+ 52. Kg2 Rf2+ 53. Kh1 Ra1+ 54. Rg1 Rxg1+ 55. Kxg1 Kxe7 0-1

[Event "*** Titled Tuesday Blitz"]
[Site "Chess.com"]
[Date "2021.02.02"]
[Round "5"]
[White "yobdc"]
[Black "Tenamu"]
[Result "0-1"]
[WhiteElo "2508"]
[BlackElo "2396"]
[TimeControl "180+1"]
[EndTime "10:59:31 PST"]
[Termination "Tenamu won by checkmate"]

1. e4 e6 2. d3 d5 3. Nd2 Nf6 4. Ngf3 c5 5. g3 Nc6 6. Bg2 Be7 7. O-O O-O 8. Re1 Re8 9. e5 Nd7 10. Nf1 b5 11. h4 h6 12. N1h2 Bf8 13. Bf4 b4 14. g4 g6 15. Qd2 Kh7 16. h5 g5 17.
Nxg5+ hxg5 18. Bxg5 Be7 19. Nf3 Rg8 20. Bxe7 Qxe7 21.
g5 Nd4 22. Nxd4 cxd4 23. f4 Bb7 24. Qf2 Rac8 25. Re2 a5 26. Qh4 Kh8 27. Rf1 a4 28. Qh3 b3 29. axb3 axb3 30. cxb3 Ba6 31. Rf3 Rc1+ 32.
Kh2 Kg7 33. f5 Kf8 34. fxe6 Qxg5 35. Rxf7+ Ke8 36. exd7+ Kxf7 37. Bxd5+ Ke7 38. Qe6+ Kd8 39. Qb6+ Kxd7 40. Be6+ Ke8 41. Qb8+ Bc8 42. Qb5+ Ke7 43. Qb4+ Kxe6 44. Qd6+ Kf5 45. Rf2+ Kg4 46. Qxd4+ Kxh5 47. Qe4 Qg1# 0-1

[Event "*** Titled Tuesday Blitz"]
[Site "Chess.com"]
[Date "2021.02.02"]
[Round "5"]
[White "The_Machine04"]
[Black "Kale36"]
[Result "1-0"]
[WhiteElo "2510"]
[BlackElo "2281"]
[TimeControl "180+1"]
[EndTime "10:59:31 PST"]
[Termination "The_Machine04 won by resignation"]

1. d4 Nc6 2. d5 Ne5 3. Nc3 e6 4. e4 exd5 5. Nxd5 c6 6. Ne3 Nf6 7. f3 Bc5 8. Ne2 Qb6 9. Qd2 O-O 10. Nc3 Bb4 11. a3 Be7 12. Nc4 Nxc4 13. Bxc4 d5 14.
exd5 Bc5 15. Na4 Re8+ 16. Kf1 Be3 17. Nxb6 Bxd2 18. Bxd2 axb6 19. dxc6 bxc6 20. Bc3 Nd5 21. Bxd5 cxd5 22. Kf2 Bf5 23. Rac1 Rac8 24. Bd4 b5 25. c3 Bd3 26. Rhe1 f6 27. Rcd1 Bc4 28. Rb1 Bb3 29. Rxe8+ Rxe8 30. Re1 Rxe1 31. Kxe1 Kf7 32. Kd2 Ke6 33. Ke3 g5 34. g4 Bd1 35. Bc5 Kf7 36. h3 h6 37. f4 h5 38. gxh5 Bxh5 39. fxg5 fxg5 40. Kd4 Ke6 41. Bb6 Be2 42. Bd8 Bf1 43. Bxg5 Bxh3 44. Kc5 Bf1 45. b3 Ke5 46. Be3 Ke4 47. Bd4 Kd3 48. Kxb5 Kc2+ 49. Kb4 Kb2 50. a4 Bd3 51. a5 Ba6 52. Ka4 Kc2 53. b4 Bc4 54. b5 1-0

[Event "*** Titled Tuesday Blitz"]
[Site "Chess.com"]
[Date "2021.02.02"]
[Round "5"]
[White "Beca95"]
[Black "BahadirOzen"]
[Result "1-0"]
[WhiteElo "2899"]
[BlackElo "2733"]
[TimeControl "180+1"]
[EndTime "10:59:33 PST"]
[Termination "Beca95 won on time"]

1. d4 d5 2. Nf3 Nf6 3. c4 e6 4. Nc3 Be7 5. Bg5 h6 6. Bxf6 Bxf6 7. e3 O-O 8. Qc2 c5 9. dxc5 dxc4 10. Bxc4 Nd7 11. c6 Ne5 12. Nxe5 Bxe5 13. Qe4 Qa5 14. O-O Bxc3 15. bxc3 bxc6 16. Qxc6 Rb8 17. Bb3 Bb7 18. Qa4 Qxa4 19. Bxa4 Rbc8 20. Rfc1 Rc5 21.
Rab1 Bd5 22. Bb3 Be4 23. Rb2 Rfc8 24. c4 a5 25. f3 Bc6 26. Bd1 f5 27. Kf2 e5 28.
Be2 Kf7 29. Rd1 Ke7 30. Rb6 Rc7 31. h4 Bd7 32. Ra6 Be6 33. Rdd6 Bxc4 34. Bxc4 Rxc4 35.
Re6+ Kf7 36. Rxe5 Rc2+ 37. Kg3 R7c5 38. Rxa5 Rxe5 39. Rxe5 Kf6 40. Ra5 Re2 41. Ra6+ Ke5 42. Rg6 Rxe3 43. Rxg7 f4+ 44. Kg4 Ra3 45. Kh5 Rxa2 46.
Kxh6 Kf6 47. h5 Ra8 48. Rg6+ Kf5 49. Kh7 Ra7+ 50. Rg7 Ra8 51. h6 Kf6 52. Rc7 Rd8 53.
Rc6+ Kg5 54. Rc5+ Kf6 55. Rc6+ Kg5 56. Kg7 Rd7+ 57. Kg8 Rd8+ 58. Kf7 Rd7+ 59. Ke6 Rh7 60. Ke5 Re7+ 61. Re6 Ra7 62. Rd6 Ra5+ 63. Rd5 Kxh6 64.
Rxa5 1-0

[Event "*** Titled Tuesday Blitz"]
[Site "Chess.com"]
[Date "2021.02.02"]
[Round "5"]
[White "SirStrateg"]
[Black "FloMaster111"]
[Result "1-0"]
[WhiteElo "2657"]
[BlackElo "2478"]
[TimeControl "180+1"]
[EndTime "10:59:33 PST"]
[Termination "SirStrateg won by resignation"]

1. d4 Nf6 2. Nf3 e6 3. Bf4 b6 4. e3 Bb7 5. Nbd2 Bd6 6. Bg3 Bxg3 7. hxg3 c5 8. Bd3 cxd4 9. exd4 d5 10. Qe2 Nbd7 11.
Ne5 Nxe5 12. dxe5 Nd7 13. f4 Nc5 14. O-O-O Rc8 15. Kb1 Qc7 16. Nf3 Kf8 17. f5 exf5 18.
Bxf5 Re8 19. Qd2 Ne4 20. Qe1 g6 21. Bh3 Kg7 22. Rf1 Re7 23. g4 Qc5 24. g5 Rhe8 25.
Qh4 Rc7 26. Nd4 Rxe5 27. Qh6+ Kg8 28. Bg4 Ba6 29. Rh1 Nxg5 30. Bf3 Bc8 31. c3 Bf5+ 32. Ka1 Be4 33. Qh4 Bxf3 34. gxf3 Qe7 35. f4 Re4 36. Qxg5 Qxg5 37. fxg5 Rce7 38. Rhg1 a6 39. a4 R7e5 40.
Ka2 Kg7 41. Rd3 h6 42. gxh6+ Kxh6 43. Rh3+ Kg7 44. Rf3 f5 45. Nxf5+ Kf6 46. Nd4+ Ke7 47. Rxg6 b5 48. Rxa6 bxa4 49. Rxa4 Re1 50. Nc6+ Kd6 51. Nxe5 1-0

[Event "*** Titled Tuesday Blitz"]
[Site "Chess.com"]
[Date "2021.02.02"]
[Round "5"]
[White "Zmeeed63"]
[Black "ehrenfeld"]
[Result "1-0"]
[WhiteElo "2381"]
[BlackElo "2504"]
[TimeControl "180+1"]
[EndTime "10:59:34 PST"]
[Termination "Zmeeed63 won on time"]

1. d4 Nf6 2. c4 e6 3. Nc3 Bb4 4. f3 O-O 5. a3 Bxc3+ 6. bxc3 c5 7. e4 d5 8. cxd5 exd5 9. e5 Ne8 10. f4 Bf5 11.
Bd3 Bxd3 12. Qxd3 f5 13. Nf3 Nc7 14. dxc5 Nd7 15. Be3 Qe7 16. Rb1 Nxc5 17. Bxc5 Qxc5 18. Nd4 a6 19. Rxb7 Rab8 20. Rxb8 Rxb8 21. O-O Ne6 22. Qxf5 Nxd4 23. cxd4 Qxd4+ 24. Kh1 Rf8 25. Qe6+ Kh8 26. Qd6 Kg8 27. e6 Qd3 28. Re1 Qd2 29. Qe5 d4 30. e7 Re8 31. Qe6+ Kh8 32. h3 Qxf4 33. Qd7 Qf7 34. Qxd4 h6 35. Qd6 a5 36.
Re3 a4 37. Kh2 Qf5 38. Qe6 Qf4+ 39. Kg1 Qd4 40. Qe4 Qd1+ 41. Kh2 Qd6+ 42. g3 Qf6 43.
Kg2 Qd6 44. Re2 Qf6 45. Qxa4 Rxe7 46. Rxe7 Qxe7 47. Qa8+ Kh7 48. Qf3 Qc5 49. Qd3+ 1-0

[Event "*** Titled Tuesday Blitz"]
[Site "Chess.com"]
[Date "2021.02.02"]
[Round "5"]
[White "KubaGepard"]
[Black "MFBerna"]
[Result "0-1"]
[WhiteElo "2325"]
[BlackElo "2508"]
[TimeControl "180+1"]
[EndTime "10:59:34 PST"]
[Termination "MFBerna won by checkmate"]

1. e4 c6 2. c4 d5 3. Nc3 d4 4.
Nce2 c5 5. d3 Nc6 6. f4 e5 7. f5 Bd6 8. g4 Bd7 9. Nf3 Qc7 10. h4 a6 11. a4 Nb4 12. g5 Ne7 13. Bh3 Qa5 14. Kf2 O-O-O 15. b3 Kb8 16. Bb2 Qc7 17.
Ng3 Nec6 18. h5 Na5 19. Ra3 Qb6 20. Bg4 Rhe8 21. Ne1 Qc7 22. h6 g6 23. f6 Be6 24.
Bxe6 Rxe6 25. Nc2 Qb6 26. Qd2 Nbc6 27. Na1 Qc7 28. Qe2 Qb6 29. Bc1 Qc7 30. Bd2 Qb6 31.
Qe1 Bc7 32. Ne2 Rc8 33. Nc1 Rd8 34. Nc2 Rc8 35. Qd1 Bd8 36. Ne1 Bxf6 37. gxf6 Rxf6+ 38. Kg2 Re6 39. Nf3 f5 40. Re1 f4 41. Ng5 Re7 42. Qg4 Qc7 43. Rf1 Rce8 44. Kh3 Ka7 45. Rf3 Qb6 46. Kh4 Nb4 47. Rf2 Nac6 48. Qd1 Qc7 49.
Na2 Qb6 50. Nxb4 Nxb4 51. a5 Qf6 52. Bxb4 cxb4 53. Ra4 Qf8 54. Qg4 Qxh6+ 55. Qh5 Qxh5# 0-1

[Event "*** Titled Tuesday Blitz"]
[Site "Chess.com"]
[Date "2021.02.02"]
[Round "5"]
[White "amatatanav"]
[Black "Aygehovit1992"]
[Result "1-0"]
[WhiteElo "2455"]
[BlackElo "2607"]
[TimeControl "180+1"]
[EndTime "10:59:35 PST"]
[Termination "amatatanav won by resignation"]

1. e4 c5 2. Ne2 g6 3. d4 cxd4 4. Nxd4 Bg7 5. Nc3 Nc6 6. Be3 d6 7. Qd2 Nf6 8. f3 Bd7 9. g4 Rc8 10. h4 Ne5 11. h5 Qa5 12. h6 Bf8 13. a3 e6 14. O-O-O d5 15. Nb3 Qc7 16. exd5 Bxa3 17. Nb5 Bxb5 18. Bxb5+ Kf8 19. bxa3 Nxd5 20. Bc5+ Kg8 21.
Be2 f6 22. Bd4 Nc4 23. Bxc4 Qxc4 24. Kb1 Kf7 25. Bb2 Rhd8 26. Qf2 b6 27. Rd3 e5 28. Rhd1 Ke7 29. Qd2 Nc3+ 30. Bxc3 Rxd3 31. Qxd3 Qxc3 32. Qxc3 Rxc3 33. Rd3 Rxd3 34. cxd3 Kd6 35. Kc2 Kd5 36. Kc3 a5 37. a4 f5 38. gxf5 gxf5 39. Nd2 Kc5 40.
Nc4 b5 41. axb5 Kxb5 42. Nxe5 a4 43. Nf7 a3 44. Kb3 Kc5 45. Kxa3 Kd4 46. Ng5 Kxd3 47.
Nxh7 Ke3 48. Ng5 Kf4 49. h7 Kxg5 50. h8=Q Kf4 51. Qh3 Ke3 52. Kb3 f4 53. Kc4 Kf2 54. Kd4 1-0

[Event "*** Titled Tuesday Blitz"]
[Site "Chess.com"]
[Date "2021.02.02"]
[Round "5"]
[White "serhanberat_ozdemir"]
[Black "Matols"]
[Result "1-0"]
[WhiteElo "2423"]
[BlackElo "2268"]
[TimeControl "180+1"]
[EndTime "10:59:35 PST"]
[Termination "serhanberat_ozdemir won on time"]

1. e4 e6 2. d4 d5 3. Nd2 c5 4. Ngf3 cxd4 5. Nxd4 Nf6 6. exd5 Qxd5 7. N2f3 a6 8. Be2 Bc5 9. O-O O-O 10. Be3 b5 11. a4 b4 12. c4 bxc3 13. bxc3 Nbd7 14. Rb1 e5 15. Nf5 e4 16. N3d4 Re8 17. c4 Qe5 18. a5 g6 19. Ng3 Nf8 20. Nc6 Qd6 21. Qxd6 Bxd6 22. c5 Bc7 23. Nd4 Bxa5 24. c6 Bc7 25.
Bc4 Ne6 26. Rfd1 Kg7 27. h3 h5 28. Nge2 h4 29. Bg5 Nh5 30. Bxh4 a5 31. Nc3 a4 32.
Nd5 Be5 33. Nb5 a3 34. Ba2 Ba6 35. g4 Nhf4 36. Nxf4 Nxf4 37. Bg3 Nxh3+ 38. Kg2 Bxg3 39. Kxg3 Ng5 40. Rd7 Rac8 41. Rd5 Ne6 42. Rd6 Re7 43. Nc3 Bd3 44. Nd5 Ree8 45. Rd7 Rxc6 46. Nf4 Nxf4 47. Rxf7+ 1-0

[Event "*** Titled Tuesday Blitz"]
[Site "Chess.com"]
[Date "2021.02.02"]
[Round "5"]
[White "RaneshRatnesan"]
[Black "A-S-00"]
[Result "1-0"]
[WhiteElo "2182"]
[BlackElo "2322"]
[TimeControl "180+1"]
[EndTime "10:59:35 PST"]
[Termination "RaneshRatnesan won by resignation"]

1. d4 Nf6 2. Nf3 g6 3. Bf4 Bg7 4. e3 d6 5. Bd3 O-O 6. c3 Nbd7 7.
Bg3 Nh5 8. Nbd2 e5 9. Qc2 f5 10. Bh4 Qe8 11. dxe5 dxe5 12. e4 Nf4 13. Bc4+ Kh8 14. O-O c6 15. Rae1 b5 16. Bb3 Nc5 17. Qb1 a5 18. Bc2 b4 19. exf5 gxf5 20. Bg3 Qh5 21. Nxe5 Ne2+ 22. Kh1 Ba6 23. c4 Rad8 24. Qd1 Nxg3+ 25. fxg3 Qxd1 26. Rxd1 Bxe5 27. b3 Bc8 28. Nf3 Bc3 29. Nh4 Kg7 30. Nxf5+ Bxf5 31. Rxd8 Rxd8 32. Rxf5 Rd2 33. Rxc5 Rxc2 34. h4 Rxa2 35. Rxc6 Rb2 36. Rc5 Rxb3 37. Rxa5 Rb1+ 38. Kh2 b3 39. Rb5 b2 40. c5 Rc1 41. c6 b1=Q 42. Rxb1 Rxb1 43. c7 Be5 44. c8=Q Rb3 45. Qd7+ Kf8 46. Qf5+ Kg8 47. Qxe5 1-0

[Event "*** Titled Tuesday Blitz"]
[Site "Chess.com"]
[Date "2021.02.02"]
[Round "5"]
[White "kagg1125"]
[Black "SaraciNderim"]
[Result "0-1"]
[WhiteElo "2585"]
[BlackElo "2822"]
[TimeControl "180+1"]
[EndTime "10:59:36 PST"]
[Termination "SaraciNderim won by resignation"]

1. e4 e5 2. Nf3 Nc6 3. Bc4 Bc5 4. c3 Nf6 5. d4 exd4 6. e5 d5 7. Bb5 Ne4 8. cxd4 Bb6 9. Nc3 O-O 10. Be3 Bg4 11. h3 Bh5 12. Qc2 Bg6 13. Qb3 Ne7 14.
Nh4 Nxc3 15. bxc3 Be4 16. Qd1 c6 17. Be2 Ba5 18. Bd2 Nc8 19. Nf3 Nb6 20. O-O Nc4 21. Ng5 Nxd2 22. Qxd2 Bf5 23. f4 f6 24. Nf3 Be4 25. Bd3 Bb6 26. Qe3 fxe5 27. Nxe5 Bxd3 28. Qxd3 Qd6 29. a4 c5 30. a5 Bd8 31.
Rab1 cxd4 32. cxd4 Bxa5 33. Rxb7 Bb6 34. Qg3 Bxd4+ 35. Kh2 Qf6 36. Nd7 Qf7 37. Rd1 Bb6 38. Nxf8 Qxb7 39. Ne6 Qf7 40. Ng5 Qd7 41. Qd3 g6 42. Qb3 Rd8 43. Nf3 Qf5 44. Qa4 Qe4 45.
Qxe4 dxe4 46. Rxd8+ Bxd8 47. Nd2 e3 48. Nc4 e2 0-1

[Event "*** Titled Tuesday Blitz"]
[Site "Chess.com"]
[Date "2021.02.02"]
[Round "5"]
[White "Yaryi_sergey"]
[Black "MariaFominykh"]
[Result "1-0"]
[WhiteElo "2470"]
[BlackElo "2274"]
[TimeControl "180+1"]
[EndTime "10:59:36 PST"]
[Termination "Yaryi_sergey won on time"]

1. e4 d6 2. Nc3 Nf6 3. g3 g6 4.
Bg2 Bg7 5. Nge2 O-O 6. d3 c5 7. h3 Nc6 8. O-O Rb8 9. a4 a6 10. Be3 b5 11. axb5 axb5 12. Qd2 Re8 13. Nd5 Nxd5 14. exd5 Ne5 15. f4 Nd7 16. c3 Nf6 17. Rab1 e6 18. dxe6 Bxe6 19. Bf2 Qd7 20. Kh2 Bd5 21.
Bxd5 Nxd5 22. Rfe1 Re7 23. Ng1 b4 24. Rxe7 Nxe7 25.
c4 Nf5 26. b3 Re8 27. Re1 Bc3 28. Rxe8+ Qxe8 29. Qe2 Qa8 30. g4 Nd4 31. Bxd4 Bxd4 32. Nf3 Qa1 33. Nxd4 Qxd4 34. Kg3 Kg7 35. g5 Qc3 36.
Qd1 h6 37. h4 h5 38. Kf2 Qd4+ 39. Kf3 d5 40. Qe2 dxc4 41. dxc4 Kf8 42. Qe3 Qd1+ 43. Ke4 Qd6 44. Kf3 Qc6+ 45. Qe4 Qd6 46. Ke2 Qd7 47.
Qe5 Qg4+ 48. Kd2 Qxh4 49. Qxc5+ Kg8 50. Qxb4 Qxf4+ 51. Kc2 h4 52. Qc3 1-0

[Event "*** Titled Tuesday Blitz"]
[Site "Chess.com"]
[Date "2021.02.02"]
[Round "5"]
[White "Joseacorrea"]
[Black "VladaSviridova"]
[Result "1-0"]
[WhiteElo "2027"]
[BlackElo "2242"]
[TimeControl "180+1"]
[EndTime "10:59:36 PST"]
[Termination "Joseacorrea won on time"]

1. c4 c6 2. Nc3 d5 3. cxd5 cxd5 4. d4 Nf6 5. Nf3 Nc6 6. Bf4 a6 7. e3 Bf5 8. Rc1 Rc8 9. Bd3 Bxd3 10. Qxd3 e6 11.
O-O Be7 12. a3 O-O 13. Ne5 Nh5 14. Nxc6 Rxc6 15. Bg3 Nxg3 16. hxg3 Qc7 17. Ne2 Rc8 18. Rxc6 Qxc6 19. Rc1 Qd7 20. Rxc8+ Qxc8 21. Qc3 Qxc3 22. Nxc3 b5 23. Kf1 Kf8 24. Ke2 Ke8 25. Kd3 h5 26. Ne2 Kd7 27. Ng1 Kc6 28. Nf3 f6 29. Kc3 a5 30. b4 a4 31. Ne1 g5 32. Nd3 Bd6 33. Nc5 e5 34. Ne6 e4 35. Ng7 h4 36.
gxh4 gxh4 37. Nf5 Bh2 38. Kd2 Kd7 39. Nxh4 Bd6 40. Nf5 Bc7 41. f3 exf3 42. gxf3 Ke6 43. e4 Bf4+ 44. Kc2 Bh2 45. Ne3 dxe4 46. fxe4 Bf4 47. Nd5 Bh2 48. Nc3 Bg1 49. Nxb5 f5 50. exf5+ Kxf5 51. Kd3 Ke6 52. Nc3 Kd6 53. Nxa4 Bh2 54.
Nc5 Kd5 55. b5 Bd6 56. b6 Kc6 57. b7 1-0

[Event "*** Titled Tuesday Blitz"]
[Site "Chess.com"]
[Date "2021.02.02"]
[Round "5"]
[White "anon219"]
[Black "FMKonstantin_Twitch"]
[Result "1/2-1/2"]
[WhiteElo "2893"]
[BlackElo "2625"]
[TimeControl "180+1"]
[EndTime "10:59:37 PST"]
[Termination "Game drawn by repetition"]

1. e4 c5 2. Nf3 d6 3. d4 cxd4 4. Qxd4 Nf6 5. Bg5 Nc6 6. Bb5 Bd7 7. Bxc6 Bxc6 8. Nc3 Qa5 9. O-O-O Nd7 10. Rhe1 h6 11. Bh4 e5 12. Qd2 Rc8 13. Kb1 b5 14. a3 g5 15. Bg3 Nb6 16. Nd5 Qxd2 17. Rxd2 Bxd5 18. exd5 Nc4 19. Rde2 Bg7 20. Nd4 Kd7 21. Nf5 Bf6 22. f3 Nb6 23. Rd1 Rc5 24. Red2 Nc4 25. Rd3 h5 26.
Bf2 Rc7 27. Rb3 a6 28. h3 Rhc8 29. Ng3 h4 30. Nf5 Na5 31. Rc3 Rxc3 32. bxc3 Nc4 33.
Ka2 Bd8 34. Kb3 Bb6 35. Bxb6 Nxb6 36. Ne3 Rc5 37. Rd3 Nc4 38. Nf5 a5 39. g4 hxg3 40. Nxg3 Nb6 41. Ne4 Rxd5 42. Nf6+ Kc6 43. Nxd5 Nxd5 44.
c4 bxc4+ 45. Kxc4 Nf4 46. Rb3 d5+ 47. Kc3 Nxh3 48. Rb8 Ng1 49. Rf8 Nxf3 50. Rxf7 e4 51. Rg7 Kc5 52. Rc7+ Kd6 53. Ra7 d4+ 54. Kc4 d3 55. cxd3 e3 56. Ra6+ Ke7 57. Ra7+ Ke6 58. Ra6+ Kf7 59. Ra7+ Kf6 60. Ra6+ Kf7 61. Ra7+ Kf6 62.
Ra6+ Kf7 1/2-1/2

[Event "*** Titled Tuesday Blitz"]
[Site "Chess.com"]
[Date "2021.02.02"]
[Round "5"]
[White "erdni1993"]
[Black "Sharpchess22"]
[Result "1-0"]
[WhiteElo "2464"]
[BlackElo "2680"]
[TimeControl "180+1"]
[EndTime "10:59:37 PST"]
[Termination "erdni1993 won by resignation"]

1. e4 e5 2. Nf3 Nc6 3. Bb5 a6 4. Ba4 Bc5 5. O-O Nge7 6. c3 Ba7 7. d4 exd4 8. Nxd4 O-O 9. Be3 Ne5 10. Nd2 d5 11.
Bc2 Bg4 12. f3 Bd7 13. Re1 dxe4 14. Nxe4 N7g6 15. b3 Re8 16. Qd2 Qe7 17. Rad1 Rad8 18.
Qf2 c5 19. Ne2 Bf5 20. N2g3 Bxe4 21. Nxe4 b6 22. Rxd8 Rxd8 23. Ng3 Bb8 24. Nf5 Qc7 25. Qg3 Qb7 26. Qh3 f6 27. Be4 Qd7 28. Kf2 Nd3+ 29. Bxd3 Qxd3 30. Qg4 Qxc3 31. Re2 Be5 32. h4 Qb4 33.
Qxb4 cxb4 34. Bxb6 Rc8 35. g3 Rb8 36. Bc5 a5 37. f4 Bc3 38. Ne7+ Nxe7 39. Rxe7 f5 40. Kf3 Ra8 41. Bd6 a4 42. Be5 Bxe5 43. fxe5 axb3 44. axb3 Ra3 45. Kf4 Rxb3 46. Rb7 g6 47.
e6 h6 48. Ke5 Rxg3 49. Kf6 f4 50. e7 Re3 51. Rxb4 Kh7 52. Rxf4 g5 53. hxg5 hxg5 54. Rf1 g4 55. Kf7 g3 56. e8=Q Rxe8 57. Kxe8 Kg6 58.
Rg1 Kf5 59. Rxg3 Kf4 60. Ra3 1-0

[Event "*** Titled Tuesday Blitz"]
[Site "Chess.com"]
[Date "2021.02.02"]
[Round "5"]
[White "Coiote53"]
[Black "verdest"]
[Result "1-0"]
[WhiteElo "2362"]
[BlackElo "2479"]
[TimeControl "180+1"]
[EndTime "10:59:37 PST"]
[Termination "Coiote53 won on time"]

1. e4 c5 2. Nf3 Nc6 3. Bb5 Nf6 4.
Bxc6 dxc6 5. d3 Bg4 6. h3 Bh5 7. O-O e6 8. Be3 Be7 9. Nbd2 O-O 10. Nc4 Nd7 11. g4 Bg6 12. Nce5 Nxe5 13. Nxe5 Bd6 14. Nxg6 hxg6 15. f4 f5 16. Qf3 Qc7 17. Rae1 Rae8 18. Kg2 b5 19. e5 Be7 20. Kh2 Qd7 21. gxf5 Rxf5 22. Rg1 g5 23. Qg4 Ref8 24. fxg5 Qd5 25. Qe4 Rxe5 26. Qxd5 cxd5 27. h4 Bd6 28. Kg2 Ref5 29.
Rgf1 g6 30. Rxf5 Rxf5 31. Bf2 Kf7 32. a4 bxa4 33. Ra1 Rf4 34. c3 c4 35. d4 a3 36.
bxa3 Rg4+ 37. Kf3 Rf4+ 38. Kg2 Re4 39. Rb1 Bxa3 40. Rb7+ Kg8 41. Kf3 Bc1 42. Bg3 Re3+ 43. Kf2 Rxc3 44. Be5 Rc2+ 45. Kf3 c3 46. Rxa7 Rd2 47.
Rc7 Bb2 48. h5 gxh5 49. g6 Rd3+ 50. Ke2 Rd2+ 51. Ke1 Ba3 52. Rc8+ Bf8 53. g7 Rf2 54. gxf8=Q+ 1-0

[Event "*** Titled Tuesday Blitz"]
[Site "Chess.com"]
[Date "2021.02.02"]
[Round "5"]
[White "Jospem"]
[Black "Arseniy_Nesterov"]
[Result "0-1"]
[WhiteElo "3031"]
[BlackElo "2822"]
[TimeControl "180+1"]
[EndTime "10:59:38 PST"]
[Termination "Arseniy_Nesterov won by resignation"]

1. e4 e5 2. Bc4 Nc6 3. Nc3 Nf6 4. d3 Na5 5. Nge2 Nxc4 6. dxc4 d6 7. Ng3 Be7 8. O-O O-O 9. Qf3 b6 10. b3 a5 11. Nf5 h6 12. h3 Kh7 13. a4 Ng8 14. Nd5 Bf6 15. Be3 Be6 16. Rad1 Bxd5 17. Rxd5 g6 18.
Ng3 Qe8 19. Rdd1 Bg7 20. h4 f5 21. exf5 gxf5 22. Nh5 Bh8 23. Kh1 Qg6 24. Bc1 f4 25. Rg1 e4 26. Qe2 f3 27. gxf3 Qxh5 28.
Qxe4+ Qf5 29. Be3 Rae8 30. Qd3 Qxd3 31. Rxd3 Rxf3 32. h5 Rf5 33. Rd5 Rxd5 34. cxd5 Nf6 35. c4 Nxh5 36. Rg4 Nf6 37. Rf4 Re4 38. Rf5 Kg6 39.
Rf3 h5 40. Rg3+ Rg4 41. Rf3 Bg7 42. Kh2 Ne4 43. Kh1 Bf6 44. Bc1 Bg5 45. Bxg5 Kxg5 46. Rf8 Rf4 47. Rg8+ Kh4 48. Re8 Nxf2+ 49. Kg2 Ng4 50.
Re7 Rf2+ 51. Kg1 Kg3 52. Rg7 Rb2 53. Kf1 h4 54. c5 bxc5 0-1

[Event "*** Titled Tuesday Blitz"]
[Site "Chess.com"]
[Date "2021.02.02"]
[Round "5"]
[White "pheonixking2000"]
[Black "strelec64"]
[Result "1/2-1/2"]
[WhiteElo "2722"]
[BlackElo "2509"]
[TimeControl "180+1"]
[EndTime "10:59:38 PST"]
[Termination "Game drawn by repetition"]

1. e4 c5 2. Nf3 d6 3. c3 Nf6 4. Be2 g6 5. O-O Bg7 6. Re1 O-O 7. d3 Nc6 8. h3 b6 9. Bf1 Bb7 10. d4 cxd4 11. cxd4 e5 12. d5 Nb8 13. Nc3 Nbd7 14. b4 a5 15. Nb5 Ne8 16. bxa5 Rxa5 17. Bd2 Ra8 18. Bg5 f6 19. Be3 Nc5 20. Nd2 f5 21.
f3 fxe4 22. fxe4 Qh4 23. Nf3 Qd8 24. Ng5 Nf6 25. Bxc5 bxc5 26. Ne6 Qb6 27. Nxf8 Rxf8 28. Kh2 Bh6 29. Qb3 c4 30. Bxc4 Nh5 31. Rf1 Rf2 32.
Rxf2 Qxf2 33. Qf3 Bf4+ 34. Kh1 Ng3+ 35. Kh2 Nxe4+ 36. Kh1 Ng3+ 37. Kh2 Nf1+ 38. Kh1 Ng3+ 39. Kh2 Qc5 40. Bd3 Nf1+ 41. Kh1 Ng3+ 42. Kh2 Bxd5 43. Qg4 Nf1+ 44. Kh1 Ng3+ 45. Kh2 Nf1+ 46. Kh1 Ng3+ 47. Kh2 1/2-1/2

[Event "*** Titled Tuesday Blitz"]
[Site "Chess.com"]
[Date "2021.02.02"]
[Round "5"]
[White "Kostukov_Alex"]
[Black "Brave_spirit12"]
[Result "0-1"]
[WhiteElo "2310"]
[BlackElo "2506"]
[TimeControl "180+1"]
[EndTime "10:59:39 PST"]
[Termination "Brave_spirit12 won on time"]

1. g3 Nf6 2. Bg2 g6 3. c4 Bg7 4.
Nf3 O-O 5. O-O c6 6. d4 d5 7. cxd5 cxd5 8. Nc3 e6 9. Bf4 Nc6 10. Ne5 Nd7 11. Nxc6 bxc6 12. e3 Nb6 13. g4 Ba6 14. Re1 Re8 15. Rc1 e5 16. dxe5 Bxe5 17. Bxe5 Rxe5 18.
Qd4 Qe8 19. b3 Rc8 20. Qc5 Qd7 21. Qa5 Bd3 22. h3 h5 23. f4 Re7 24. Bf3 hxg4 25.
hxg4 d4 26. Nd1 dxe3 27. Nxe3 Qd4 28. Qc5 Qf6 29. g5 Qxf4 30. Qxe7 Qxf3 31. Ng2 Nd5 32. Qe5 Qg4 33. Kh2 Bf5 34. Qg3 Qh5+ 35. Kg1 Rd8 36. Rcd1 Bg4 37. Rd4 Bf3 38. Rf1 Bxg2 39.
Qxg2 Re8 40. Rg4 Ne3 41. Qf3 Qxg4+ 42. Qxg4 Nxg4 43. Rc1 Re5 44. Rxc6 Rxg5 45. Ra6 Ne5+ 46. Kf2 Rf5+ 47. Ke3 Rf3+ 48. Ke4 f6 49. Rxa7 g5 0-1